 Dungeon Crawl Stone Soup version 0.25.0-1-g7eea58d (webtiles) character file.

Game seed: 5983645015135476143

4515 thesequoiad the Arsonist (level 10, -8/77 HPs)
             Began as a Formicid Fire Elementalist on June 14, 2020.
             Was a Follower of Sif Muna.
             Mangled by Snorg (25 damage)
             ... on level 10 of the Dungeon.
             The game lasted 00:50:45 (15139 turns).

thesequoiad the Arsonist (FoFE)                    Turns: 15139, Time: 00:50:46

Health: -8/77      AC:  6    Str: 13    XL:     10   Next: 66%
Magic:  5/19       EV: 11    Int: 18    God:    Sif Muna [*.....]
Gold:   358        SH:  5    Dex: 11    Spells: 9/22 levels left

rFire    . . .     SeeInvis +   w - +2 hand axe (elec)
rCold    + + .     Gourm    .   i - +1 buckler {rC+}
rNeg     . . .     Faith    .   n - +1 leather armour {rC+}
rPois    .         Spirit   .   (helmet unavailable)
rElec    .         Reflect  .   k - +0 cloak
rCorr    .         Harm     .   (no gloves)
MR       +....                  B - +0 pair of boots
Stlth    ++........             (no amulet)
HPRegen  0.22/turn              (no ring)
MPRegen  0.16/turn              (no ring)

@: no status effects
A: permanent stasis, dig shafts and tunnels, four strong arms, antennae 3
a: Dig, Shaft Self, Channel Magic, Renounce Religion


You were on level 10 of the Dungeon.
You worshipped Sif Muna.
Sif Muna was aware of your devotion.
You were not hungry.

You visited 2 branches of the dungeon, and saw 11 of its levels.
You also visited: Ossuary.

You collected 512 gold pieces.
You spent 154 gold pieces at shops.

Inventory:

Hand Weapons
 a - a +1 dagger of venom
 e - a +0 rapier
 w - a +2 hand axe of electrocution (weapon)
 F - a +2 mace of draining
Missiles
 g - 12 poisoned darts (quivered)
 m - 25 boomerangs
 G - a throwing net
Armour
 i - a +1 buckler of cold resistance (worn)
 k - a +0 cloak (worn)
 n - a +1 leather armour of cold resistance (worn)
 B - a +0 pair of boots (worn)
Wands
 h - a wand of random effects (11)
 t - a wand of digging (4)
 u - a wand of polymorph (10)
 x - a wand of enslavement (7)
 y - a wand of flame (24)
 J - a wand of iceblast (2)
Scrolls
 b - 5 scrolls of remove curse
 d - 6 scrolls of identify
 p - a scroll of enchant armour
 q - 3 scrolls of enchant weapon
 v - a scroll of fog
 C - a scroll of amnesia {unknown}
 D - 2 scrolls of fear {unknown}
 E - a scroll of noise {unknown}
Potions
 f - 3 potions of flight
 j - 3 potions of lignification
 l - 2 potions of cancellation
 o - 2 potions of mutation
 r - a potion of curing
 z - 3 potions of stabbing
 A - a potion of magic {unknown}
 H - a potion of berserk rage {unknown}
 I - a potion of haste {unknown}
Miscellaneous
 s - a phantom mirror
Comestibles
 c - 15 rations
 K - 3 chunks of flesh


   Skills:
 + Level 6.3 Fighting
 - Level 1.7 Dodging
 - Level 2.4 Stealth
 - Level 2.4 Shields
 + Level 6.5 Spellcasting
 * Level 7.7 Conjurations
 * Level 9.1 Fire Magic


You had 9 spell levels left.
You knew the following spells:

 Your Spells              Type           Power        Failure   Level  Hunger
a - Foxfire               Conj/Fire      ####         1%          1    None
b - Conjure Flame         Conj/Fire      #####...     1%          3    ##.....
c - Sticky Flame          Conj/Fire      #####...     4%          4    ####...
d - Fireball              Conj/Fire      #####.....   12%         5    #####..

Your spell library contained the following spells:

 Spells                   Type           Power        Failure   Level  Hunger
 Inner Flame              Hex/Fire       ###.....     7%          3    ##.....


Dungeon Overview and Level Annotations

Branches:
Dungeon (10/15)            Temple (1/1) D:7            Lair (0/6) D:8
Ossuary (visited)
    Orc: D:9-12

Altars:
Ashenzari
Cheibriados
Dithmenos
Elyvilon
Fedhas
Gozag
Hepliaklqana
Kikubaaqudgha
Makhleb
Nemelex Xobeh
Okawaru
Qazlal
Ru
Sif Muna
Trog
Uskayaw
Vehumet
Wu Jian
Xom
Yredelemnul
Zin
The Shining One
Beogh

Shops:
D:7 [

Annotations:
D:6 3 runed translucent doors, exclusion: 3 doors, brinewave's ghost, novice MiMo
D:7 exclusion: downstairs
D:8 5 transporters, Psyche
D:10 Harold; Snorg


Innate Abilities, Weirdness & Mutations

You cannot be hasted, slowed, berserked, paralysed or teleported.
You can dig through walls and to a lower floor.
Your four strong arms can wield two-handed weapons with a shield.
You have a pair of large antennae on your head. (SInv)


Message History

You conjure some foxfire!
The foxfire hits the worker ant but does no damage. x2
The worker ant barely misses you. The worker ant bites you!
Snorg goes berserk!
The worker ant bites you. The worker ant closely misses you.
You hit the worker ant.
The worker ant is moderately wounded.
The worker ant bites you. Snorg bites you!! You block Snorg's attack.
Snorg claws you!!
* * * LOW HITPOINT WARNING * * *
Okay, then.
Casting: Foxfire (safe; 1% risk of failure)
Confirm with . or Enter, or press ? or * to list all spells.
Aiming: Sticky Flame (dangerous; 4% risk of failure)
Press: ? - help, Shift-Dir - straight line, f - Snorg
Aim: Snorg (berserk)
The sticky flame hits Snorg.
Snorg is lightly wounded.
Snorg is covered in liquid flames!
Snorg burns!
Snorg bites you!!
You die...

.##.. #.# .##.# #.# .##.#
#.# .##.# #.# .##># #.#
.##<#########.##
#######.##.##..........
###....a.........>####.##
##......T@......##.# #.#
........#######.##.####.#
........# #.........#
##......# #.##.######
........# #.##.# ..
###...#.# #.##.# .#
##.##.# #.##.# .#
#.##.#######....# .#
#.##.........####


You could see Snorg (berserk, burning) and a worker ant.

Vanquished Creatures
  A merfolk (D:9)
  Grinder (D:4)
  Prince Ribbit (D:6)
  2 hippogriffs
  Eustachio (D:4)
  A vampire (D:9)
  A steam dragon (D:9)
  Menkaure (D:4)
  A hungry ghost (D:7)
  Edmund (D:3)
  A water moccasin (D:10)
  5 sky beasts
  An orc warrior (D:8)
  A centaur (D:9)
  2 ogres
  6 bullfrogs
  A scorpion (D:5)
  A crimson imp (D:7)
  A centaur zombie (D:3)
  5 hounds
  4 jellies
  4 orc priests
  A centaur skeleton (D:6)
  11 orc wizards
  2 bullfrog skeletons
  3 iguanas
  Ijyb (D:5)
  5 worker ants
  A hound zombie (Ossuary)
  2 hound skeletons (D:5)
  A mummy (Ossuary)
  2 worker ant zombies
  11 adders
  4 gnolls (D:7)
  A shadow imp (D:6)
  An adder zombie (Ossuary)
  7 worms
  A dart slug (D:3)
  5 leopard geckos
  43 orcs
  8 ball pythons (D:2)
  10 bats
  10 giant cockroaches
  2 gnoll zombies (Ossuary)
  10 goblins
  5 hobgoblins
  2 jackals (D:2)
  3 quokkas
  4 frilled lizards
  A hobgoblin zombie (Ossuary)
  A jackal skeleton (D:4)
  A jackal zombie (Ossuary)
  9 kobolds
  An orc zombie (Ossuary)
  8 rats
  2 rat zombies (Ossuary)
222 creatures vanquished.

Vanquished Creatures (collateral kills)
  A kobold (D:2)
1 creature vanquished.

Vanquished Creatures (others)
  766 foxfires
766 creatures vanquished.

Grand Total: 989 creatures vanquished

Notes
Turn   | Place    | Note
-------+----------+-------------------------------------------
     0 | D:1      | thesequoiad the Formicid Fire Elementalist began the quest
                  | for the Orb.
     0 | D:1      | Reached XP level 1. HP: 13/13 MP: 3/3
    30 | D:1      | Reached skill level 1 in Conjurations
   302 | D:1      | Reached XP level 2. HP: 18/20 MP: 0/5
  1072 | D:2      | Reached XP level 3. HP: 9/25 MP: 1/6
  1383 | D:2      | Reached skill level 1 in Fighting
  1509 | D:2      | Reached XP level 4. HP: 27/32 MP: 2/7
  1802 | D:2      | Reached XP level 5. HP: 33/37 MP: 5/9
  1928 | D:2      | Reached skill level 4 in Fire Magic
  2113 | D:2      | You fall into a shaft and drop 2 floors!
  2457 | D:3      | Learned a level 3 spell: Conjure Flame
  2499 | D:3      | Learned a level 4 spell: Sticky Flame
  2557 | D:3      | Noticed a bullfrog
  2568 | D:3      | Killed a bullfrog
  2568 | D:3      | Reached XP level 6. HP: 44/44 MP: 5/10
  3800 | D:3      | Reached skill level 1 in Shields
  3887 | D:3      | Found a blossoming altar of Fedhas.
  4813 | D:3      | Reached XP level 7. HP: 18/51 MP: 2/12
  5019 | D:4      | Noticed Edmund
  5077 | D:3      | Killed Edmund
  5077 | D:3      | Reached skill level 5 in Fire Magic
  5583 | D:4      | Noticed Grinder
  5607 | D:4      | Killed Grinder
  5607 | D:4      | Reached XP level 8. HP: 28/58 MP: 6/14
  5840 | D:4      | Noticed Menkaure
  5846 | D:4      | Killed Menkaure
  6106 | D:4      | Noticed Eustachio
  6136 | D:4      | Killed Eustachio
  6136 | D:4      | Reached skill level 6 in Fire Magic
  6629 | D:5      | Entered Level 5 of the Dungeon
  7004 | D:5      | Found a white marble altar of Elyvilon.
  7094 | D:5      | Reached skill level 5 in Conjurations
  7191 | D:5      | Found a sand-covered staircase.
  7199 | Ossuary  | Entered an ossuary
  7901 | D:4      | Reached XP level 9. HP: 36/65 MP: 13/16
  8236 | D:5      | Learned a level 5 spell: Fireball
  8422 | D:5      | Noticed Ijyb
  8430 | D:5      | Killed Ijyb
  9280 | D:6      | Reached skill level 5 in Spellcasting
  9280 | D:6      | Reached skill level 7 in Fire Magic
  9411 | D:6      | Found a bloodstained altar of Trog.
  9758 | D:6      | Noticed Prince Ribbit
  9767 | D:6      | Killed Prince Ribbit
 10084 | D:6      | Found a runed translucent gate.
 10085 | D:6      | Found a runed translucent gate.
 10086 | D:6      | Found a runed translucent gate.
 10086 | D:6      | Noticed brinewave's ghost (novice MiMo)
 10213 | D:6      | Reached skill level 5 in Fighting
 10390 | D:6      | Found a roughly hewn altar of Beogh.
 10441 | D:7      | Found a staircase to the Ecumenical Temple.
 10464 | Temple   | Entered the Ecumenical Temple
 10536 | Temple   | Became a worshipper of Sif Muna the Loreminder
 10708 | D:7      | Noticed a hippogriff
 10723 | D:7      | Killed a hippogriff
 10980 | D:7      | Found a basalt altar of Yredelemnul.
 10980 | D:7      | You fall into a shaft and drop 1 floor!
 11404 | D:7      | Found Metrej's Antique Armour Shoppe.
 11409 | D:7      | Bought a steaming leather armour for 154 gold pieces
 11416 | D:7      | Reached skill level 8 in Fire Magic
 11451 | D:7      | Identified the +1 leather armour of Lab Kena {rN+ MR++
                  | Int-5 Dex+2} (You bought it in a shop on level 7 of the
                  | Dungeon)
 11512 | D:7      | Reached XP level 10. HP: 57/74 MP: 14/18
 11744 | D:7      | Found a shadowy altar of Dithmenos.
 11744 | D:7      | Found a burning altar of Makhleb.
 11744 | D:7      | Found a radiant altar of Vehumet.
 11746 | D:7      | Found a glowing silver altar of Zin.
 11748 | D:7      | Found a snail-covered altar of Cheibriados.
 11750 | D:7      | Found a glowing golden altar of the Shining One.
 11844 | D:8      | Noticed Psyche
 12003 | D:8      | Found a transporter.
 12827 | D:8      | Noticed a death knight
 12828 | D:8      | Found a transporter.
 12984 | D:8      | Found a transporter.
 12986 | D:8      | Found a transporter.
 13003 | D:8      | Noticed a kobold demonologist
 13014 | D:8      | Found a transporter.
 13297 | D:8      | Found a staircase to the Lair.
 13518 | D:9      | Reached * piety under Sif Muna
 13530 | D:9      | Found a hazy altar of Hepliaklqana.
 14044 | D:9      | Found a burning altar of Makhleb.
 14268 | D:9      | Reached skill level 9 in Fire Magic
 14899 | D:10     | Entered Level 10 of the Dungeon
 15062 | D:10     | Noticed Snorg
 15062 | D:10     | Noticed Harold
 15139 | D:10     | Mangled by Snorg

Illustrated notes

Levels and vault maps discovered:
D:1:      dpeg_arrival_oval, layout_loops_ring
D:2:      layout_basic, minmay_snake_closets
D:3:      layout_basic, fedhas_altar_1
D:4:      layout_cave_pools, first_ration, uniq_eustachio, uniq_menkaure,
          uniq_edmund, uniq_grinder
D:5:      layout_loops_ring, elyvilon_altar_5, enter_ossuary_2,
          serial_bayou_lagoon_a, minmay_bent, uniq_ijyb
D:6:      layout_gridville, biasface_ghost_orc_armoury, trog_book,
          uniq_prince_ribbit1
D:7:      layout_loops_ring, minitemple, minmay_temple_entry_statues,
          basic_altar, serial_shops, nicolae_shop_statue_plus,
          minmay_misc_feat_tiny
D:8:      gammafunk_the_bubble [the_bubble_gammafunk_roulette],
          layout_loops_corners, lair_entry_dummy, uniq_psyche
D:9:      layout_loops_ring, old_standard_altar, hangedman_fish_farm,
          corexii_leaking_fountain, lemuel_altar_in_water
D:10:     layout_loops_ring, minmay_orc_entry_temple_small,
          hangedman_decor_diamond_cutter, uniq_harold, uniq_snorg, uniq_fannar
Temple:   eino_temple_lava

Skill      XL: |  1  2  3  4  5  6  7  8  9 10 |
---------------+-------------------------------+-----
Conjurations   | 1 2 3 4 5 6 7 |  7.7
Fighting       | 1 2 3 4 5 6 |  6.3
Fire Magic     | 4 5 6 8 9 |  9.1
Spellcasting   | 3 4 5 6 |  6.5
Shields        | 1 2 |  2.4
Dodging        | |  1.7
Stealth        | |  2.4

Action                   |  1- 3 |  4- 6 |  7- 9 | 10-12 || total
-------------------------+-------+-------+-------+-------++-------
Melee: Dagger            |    15 |     4 |    15 |       ||    34
       Hand axe          |       |       |    20 |    43 ||    63
Throw: Dart              |     2 |       |     1 |       ||     3
 Cast: Foxfire           |    46 |   136 |   225 |    47 ||   454
       Sticky Flame      |       |       |     6 |    19 ||    25
       Conjure Flame     |       |       |       |     1 ||     1
 Abil: Dig               |       |       |     2 |       ||     2
Evoke: Wand              |       |       |     1 |     1 ||     2
  Use: Scroll            |     4 |     2 |     9 |       ||    15
       Potion            |       |     3 |     2 |     1 ||     6
 Stab: Sleeping          |     2 |       |     3 |     2 ||     7
  Eat: Chunk             |     1 |     8 |    23 |     7 ||    39
       Ration            |     1 |       |       |     2 ||     3
Armor: Robe              |    25 |    17 |     2 |       ||    44
       Leather armour    |       |       |    69 |    25 ||    94
Dodge: Dodged            |    52 |    64 |   158 |    69 ||   343
Block: Buckler           |       |    18 |    60 |    31 ||   109
